 Dungeon Crawl Stone Soup version 0.30.1-11-g7821555f0a (webtiles) character file.

Game seed: 11310557840179969343

7558 lupz the Cleaver (level 10, 0/117 HPs)
             Began as a Minotaur Berserker on Sept 4, 2023.
             Was a High Priest of Trog.
             Slain by a hornet (3 damage)
             ... while paralysed by a hornet
             ... on level 9 of the Dungeon on Dec 21, 2023.
             The game lasted 01:27:55 (10717 turns).

lupz the Cleaver (Minotaur Berserker)              Turns: 10717, Time: 01:27:55

Health: 0/117      AC: 14    Str: 26    XL:     10   Next: 96%
Magic:  9/9        EV:  2    Int:  4    God:    Trog [*****.]
Gold:   545        SH:  0    Dex: 10    Spells: 9/9 levels left

rFire   . . .        u - +3 hand axe (elec)
rCold   + + .        i - +0 buckler {rC+}
rNeg    . . .        z - +3 scale mail {rC+}
rPois   .            (helmet restricted)
rElec   .            C - +0 cloak
rCorr   +            W - +0 pair of gloves
SInv    .            (no boots)
Will    .....        a - amulet of reflection Stlth
                     K - ring of resist corrosion
HPRegen 0.39/turn    (no ring)
MPRegen 0.11/turn

%: reflection
@: paralysed, berserking, lethally poisoned (0 -> -10)
A: horns 2, retaliatory headbutt
a: Renounce Religion, Berserk, Trog's Hand, Brothers in Arms


You were on level 9 of the Dungeon.
You worshipped Trog.
Trog was extremely pleased with you.
You visited 1 branch of the dungeon, and saw 9 of its levels.

You collected 707 gold pieces.
You spent 162 gold pieces at shops.

Inventory:

Hand Weapons
 d - a +0 flail of holy wrath
 k - a +2 vampiric whip
 m - a +0 whip
 r - a +1 halberd of protection
 u - a +3 hand axe of electrocution (weapon)
 v - a +3 shortbow
 w - a +0 short sword of speed
 y - a +1 vampiric short sword
 A - a +0 scythe of flaming
 B - a +3 quarterstaff of chaos
 D - a +0 heavy hammer
 G - the +2 dagger "Vecu" {flame, +Blink}
   (You found it on level 5 of the Dungeon)

   +Blink:    It lets you blink.
 O - a +1 flail of holy wrath
 Z - a +1 heavy trident
Missiles
 Q - 11 javelins (quivered)
 T - 2 curare-tipped darts
Armour
 b - a +0 animal skin
 c - a +0 robe
 e - a +1 ring mail
 h - a +0 chain mail
 i - a +0 buckler of cold resistance (worn)
 j - a +0 robe
 l - a scarf of harm
 q - a +0 ring mail
 z - a +3 scale mail of cold resistance (worn)
 C - a +0 cloak (worn)
 W - a +0 pair of gloves (worn)
Jewellery
 a - an amulet of reflection (around neck)
 s - a ring of positive energy
 K - a ring of resist corrosion (left hand)
 R - an amulet of magic regeneration
 U - an amulet of regeneration
Wands
 p - a wand of digging (3)
 E - a wand of acid (7)
 Y - a wand of paralysis (15)
Scrolls
 n - a scroll of teleportation
 o - 3 scrolls of blinking
 F - 3 scrolls of identify
 H - 2 scrolls of immolation
 J - a scroll of noise
 L - a scroll of brand weapon {unknown}
 P - 2 scrolls of butterflies
 S - 2 scrolls of vulnerability
Potions
 f - 2 potions of mutation
 t - 2 potions of attraction {unknown}
 I - a potion of brilliance
 V - 3 potions of curing
 X - a potion of haste


   Skills:
 - Level 4.0 Fighting
 - Level 14.4 Axes
 + Level 10.4 Armour
 + Level 9.6 Dodging


You had 9 spell levels left.
You didn't know any spells.
Your spell library was empty.

Dungeon Overview and Level Annotations

Branches:
Dungeon (9/15)             Temple (0/1) D:6
   Lair: D:8-11         Orc: D:9-12

Altars:
Qazlal
Uskayaw
Vehumet
Xom

Shops:
D:4 ?

Portals:
Bailey: D:9

Annotations:
D:9 1 runed translucent door, zazaan's ghost, novice MiBe


Innate Abilities, Weirdness & Mutations

You have a pair of horns on your head.
You reflexively headbutt those who attack you in melee.


Message History

You feel sick. The hornet stings you.
You feel yourself slow down. The hornet barely misses you.
You hit the hornet but do no damage. Your headbutt misses the hornet.
The hornet is almost dead.
You feel very sick. The hornet stings you.
You suddenly lose the ability to move!
You feel sick.
The hornet stings you but does no damage. x2
You feel yourself speed up.
You feel sick.
The hornet stings you but does no damage.
You feel sick. The hornet stings you!
* * * LOW HITPOINT WARNING * * *
You feel yourself slow down. The hornet stings you.
* * * LOW HITPOINT WARNING * * *
You shrug off the repeated paralysis!
You can move again.
You feel better. You block the hornet's attack. The hornet stings you.
* * * LOW HITPOINT WARNING * * *
You are lethally poisoned!
You shrug off the repeated paralysis!
A red film seems to cover your vision as you go berserk!
You feel yourself moving faster!
You feel mighty!
You hear the loud creaking of a very distant portcullis.
You feel very sick. You block the hornet's attack. x2
You closely miss the hornet.
The hornet is severely wounded.
You feel sick. You block the hornet's attack.
You miss the hornet.
The hornet is severely wounded.
You feel yourself speed up.
You feel sick. The hornet stings you.
* * * LOW HITPOINT WARNING * * *
You are lethally poisoned!
You suddenly lose the ability to move!
* * * LOW HITPOINT WARNING * * *
You feel very sick. The hornet stings you.
You die...

.#.................#
.#.................#
.#.###########...###. ...#.
#.............# ...#.
#.............# ...#..
#.............# ...#..
#.............#
####..##......################
...............y@............#...
.............................#...
.............................#...
......########################...
.!... ... .... ... ... ... ##
#################
#....#...........


You could see a hornet.

Vanquished Creatures
  A two-headed ogre (D:9)
  A manticore (D:9)
  A troll (D:7)
  Sigmund (D:6)
  A wyvern (D:8)
  A wraith (D:7)
  6 yaks (D:9)
  Menkaure (D:6)
  2 water moccasins (D:7)
  3 orc warriors
  5 sky beasts (D:7)
  4 ice beasts
  3 black bears
  2 ogres
  5 centaurs
  A kobold brigand (D:6)
  3 phantoms
  3 bullfrogs
  Blork the orc (D:5)
  A gnoll sergeant (D:9)
  3 scorpions
  10 killer bees
  3 electric eels (D:6)
  3 howler monkeys
  A gnoll bouda (D:4)
  6 orc priests
  Crazy Yiuf (D:3)
  4 hounds (D:6)
  A jelly (D:6)
  Jessica (D:2)
  Terence (D:3)
  6 iguanas (D:5)
  12 orc wizards
  27 gnolls
  5 adders
  3 white imps
  An ufetubus (D:4)
  A dart slug (D:1)
  45 orcs
  10 endoplasms
  A giant cockroach (D:2)
  31 goblins
  32 hobgoblins
  A jackal (D:5)
  5 quokkas
  7 ball pythons
  2 bats
  5 frilled lizards
  14 kobolds
  7 rats
  A butterfly (D:6)
296 creatures vanquished.

Notes
Turn   | Place    | Note
-------+----------+-------------------------------------------
     0 | D:1      | lupz the Minotaur Berserker began the quest for the Orb.
     0 | D:1      | Reached XP level 1. HP: 19/19 MP: 0/0
   467 | D:1      | Reached skill level 4 in Axes
   467 | D:1      | Reached XP level 2. HP: 27/27 MP: 1/1
   706 | D:2      | Noticed Jessica
   709 | D:2      | Killed Jessica
   710 | D:2      | Reached skill level 5 in Axes
   710 | D:2      | Reached XP level 3. HP: 30/33 MP: 2/2
  1093 | D:2      | Reached XP level 4. HP: 40/40 MP: 3/3
  1174 | D:2      | Reached ** piety under Trog
  1405 | D:3      | Reached skill level 6 in Axes
  1637 | D:3      | Noticed Terence
  1652 | D:3      | Killed Terence
  1653 | D:3      | Reached XP level 5. HP: 42/46 MP: 4/4
  1945 | D:3      | Found a runed translucent door.
  1946 | D:3      | Noticed Crazy Yiuf
  1955 | D:3      | Killed Crazy Yiuf
  1956 | D:3      | Reached skill level 7 in Axes
  2035 | D:3      | Identified a scroll of acquirement
  2035 | D:3      | Acquired a +0 buckler of cold resistance
  2442 | D:4      | Reached skill level 8 in Axes
  2442 | D:4      | Reached XP level 6. HP: 52/52 MP: 5/5
  2588 | D:4      | Reached skill level 9 in Axes
  2783 | D:4      | Found Kakesun's Magic Scroll Boutique.
  3283 | D:4      | Bought a scroll of teleportation for 36 gold pieces
  3283 | D:4      | Bought a scroll of teleportation for 36 gold pieces
  3283 | D:4      | Bought a scroll of blinking for 90 gold pieces
  3306 | D:5      | Entered Level 5 of the Dungeon
  3307 | D:5      | Upgraded the game from 0.30.1-4-g462c640d31 to
                  | 0.30.1-9-gdf580d7c3d
  3343 | D:5      | Reached XP level 7. HP: 48/59 MP: 6/6
  3477 | D:5      | Reached *** piety under Trog
  3617 | D:5      | Reached skill level 10 in Axes
  3690 | D:5      | Noticed Blork the orc
  3702 | D:5      | Killed Blork the orc
  4515 | D:5      | Reached skill level 11 in Axes
  4667 | D:5      | Reached XP level 8. HP: 66/66 MP: 7/7
  4695 | D:5      | Reached skill level 12 in Axes
  4737 | D:5      | Reached skill level 13 in Axes
  4755 | D:5      | Identified the +2 dagger "Vecu" {flame, +Blink}
  4925 | D:5      | Upgraded the game from 0.30.1-9-gdf580d7c3d to
                  | 0.30.1-11-g7821555f0a
  5142 | D:6      | Reached skill level 14 in Axes
  5151 | D:6      | Reached XP level 9. HP: 30/71 MP: 8/8
  5365 | D:6      | Found a staircase to the Ecumenical Temple.
  5634 | D:6      | Found a radiant altar of Vehumet.
  6557 | D:6      | Reached **** piety under Trog
  6640 | D:6      | Noticed Sigmund
  6657 | D:6      | Killed Sigmund
  6866 | D:6      | Noticed Menkaure
  6875 | D:6      | Killed Menkaure
  6876 | D:6      | Reached skill level 5 in Armour
  7424 | D:7      | Reached skill level 5 in Dodging
  7463 | D:7      | Reached ***** piety under Trog
  7612 | D:7      | Found a hide-covered altar of Uskayaw.
  7645 | D:7      | Reached XP level 10. HP: 52/78 MP: 9/9
  9167 | D:8      | Found a stormy altar of Qazlal.
 10101 | D:9      | Noticed a two-headed ogre
 10110 | D:9      | Killed a two-headed ogre
 10276 | D:9      | Reached skill level 10 in Armour
 10367 | D:9      | Found a runed translucent door.
 10367 | D:9      | Found a shimmering altar of Xom.
 10367 | D:9      | Noticed zazaan's ghost (novice MiBe)
 10368 | D:9      | Noticed a +2 rapier of chaos
 10371 | D:9      | Found a flagged portal.
 10470 | D:9      | Noticed a manticore
 10493 | D:9      | Killed a manticore
 10696 | D:9      | Paralysed by a hornet for 3 turns
 10709 | D:9      | Paralysed by a hornet for 3 turns
 10716 | D:9      | Paralysed by a hornet for 2 turns
 10717 | D:9      | HP: 3/117 [poisoned by a hornet]
 10717 | D:9      | Slain by a hornet

Illustrated notes

Levels and vault maps discovered:
D:1:      giann_forest_graveyard, layout_basic, minivault_23
D:2:      layout_basic, uniq_jessica
D:3:      layout_loops_cross, nrook_mini_backslash, uniq_terence,
          uniq_crazy_yiuf_cottage
D:4:      layout_basic, serial_shops, nicolae_shop_rolled_up
D:5:      nicolae_cairo_tiling_large, layout_gridville, minmay_joined_circles,
          uniq_blork_the_orc
D:6:      minmay_goblin_kobold_castle, layout_basic, vehumet_crystals,
          minmay_temple_entry_butterflies, uniq_menkaure, uniq_sigmund
D:7:      hangedman_cross_stitches, layout_basic,
          mainiacjoe_overflow_small_starburst
D:8:      layout_basic, overflow_temple_1_default
D:9:      layout_grid_maze, ebering_ghost_xom, enter_bailey_2,
          guppyfry_shop_venom

Skill      XL: |  1  2  3  4  5  6  7  8  9 10 |
---------------+-------------------------------+-----
Fighting       | 4 |  4.0
Axes           | 4 5 6 8 9 11 14 | 14.4
Armour         | 7 10 | 10.4
Dodging        | 6 9 |  9.6

Action                     |  1- 3 |  4- 6 |  7- 9 | 10-12 || total
---------------------------+-------+-------+-------+-------++-------
  Melee: Hand axe          |    36 |   158 |   336 |   155 ||   685
         Headbutt          |     5 |    15 |    44 |    16 ||    80
  Throw: Stone             |     6 |     8 |       |       ||    14
         Dart              |       |     7 |    17 |       ||    24
         Javelin           |       |       |       |     9 ||     9
 Invoke: Berserk           |       |     4 |     4 |     6 ||    14
         Trog's Hand       |       |     2 |     4 |     1 ||     7
         Brothers in Arms  |       |       |       |     1 ||     1
  Evoke: Wand              |       |     1 |       |       ||     1
    Use: Scroll            |     3 |     5 |     1 |     9 ||    18
         Potion            |     2 |     5 |     2 |     6 ||    15
 Armour: Ring mail         |     5 |    11 |       |       ||    16
         Scale mail        |       |    33 |    74 |    77 ||   184
  Dodge: Dodged            |    10 |    57 |   119 |    76 ||   262
  Block: Buckler           |       |     7 |    26 |    54 ||    87
         Reflection        |       |       |       |     3 ||     3
